 Dungeon Crawl Stone Soup version 0.31.0-32-g396128a36d (webtiles) character file.

Game seed: 6416192041203685738

185 AdnanSaban the Trooper (level 5, 0/33 HPs)
             Began as a Gargoyle Fighter on Apr 15, 2024.
             Slain by an orc
             ... wielding a +0 club
              (4 damage)
             ... on level 3 of the Dungeon.
             The game lasted 00:02:10 (2650 turns).

AdnanSaban the Trooper (Gargoyle Fighter)           Turns: 2650, Time: 00:02:10

Health: 0/33       AC: 11    Str: 21    XL:     5   Next: 64%
Magic:  5/5        EV:  9    Int:  9    God:
Gold:   113        SH:  4    Dex:  9    Spells: 4/4 levels left

rFire   . . .        a - +0 flail
rCold   . . .        c - +0 buckler
rNeg    + . .        b - +0 scale mail
rPois   ∞            (no helmet)
rElec   +            (no cloak)
rCorr   .            (no gloves)
SInv    .            (no boots)
Will    .....        j - amulet of the acrobat Stlth
                     (no ring)
HPRegen 0.25/turn    (no ring)
MPRegen 0.09/turn

%: acrobat
@: no status effects
A: sickness immunity, AC +4, negative energy resistance 1, electricity
resistance, torment resistance 1, petrification resistance
a: no special abilities


You were on level 3 of the Dungeon.
You visited 1 branch of the dungeon, and saw 4 of its levels.

You collected 113 gold pieces.

Inventory:

Hand Weapons
 a - a +0 flail (weapon)
Missiles
 i - 4 boomerangs (quivered)
 q - 3 poisoned darts
Armour
 b - a +0 scale mail (worn)
 c - a +0 buckler (worn)
Jewellery
 j - an amulet of the acrobat (around neck)
 n - a ring of see invisible
Scrolls
 e - 4 scrolls of identify {unknown}
 g - a scroll of vulnerability {unknown}
 h - 2 scrolls of noise {unknown}
 k - 2 scrolls of fear {unknown}
 l - a scroll of enchant armour {unknown}
 m - 2 scrolls of blinking {unknown}
 o - a scroll of teleportation {unknown}
 p - a scroll of immolation {unknown}
Potions
 d - a potion of might
 f - a potion of lignification {unknown}


   Skills:
 + Level 4.2 Fighting
 + Level 3.8 Maces & Flails
 + Level 4.1 Armour
 + Level 0.7 Dodging
 + Level 3.9 Shields


You had 4 spell levels left.
You didn't know any spells.
Your spell library contained the following spells:

 Spells                   Type           Power      Damage    Failure   Level
 Magic Dart               Conj           0%         1d3       78%         1
 Blink                    Tloc           0%         N/A       89%         2
 Call Imp                 Summ           0%         N/A       89%         2
 Ignite Poison            Fire/Alch      0%         N/A       100%        4
 Freezing Cloud           Conj/Ice/Air   0%         6-21      100%        5
 Cigotuvi's Dreadful Rot  Necr/Alch/Air  Unusable   N/A       N/A         2

Dungeon Overview and Level Annotations

Branches:
Dungeon (4/15)
 Temple: D:4-7

Altars:
Vehumet


Innate Abilities, Weirdness & Mutations

You are immune to sickness and miasma.
Your stone body is resilient. (AC +4)
You are immune to poison.
You resist negative energy. (rN+)
You are resistant to electric shocks. (rElec)
You are resistant to unholy torment.
You are immune to petrification.


Message History

You feel as though you will be weak longer.
The gnoll bouda barely misses you.
You hit the gnoll bouda but do no damage.
The gnoll bouda is almost dead.
The gnoll bouda gazes fiercely through you!
You feel as though you will be weak longer.
The gnoll bouda hits you with a +0 whip.
* * * LOW HITPOINT WARNING * * *
You hit the gnoll bouda.
The gnoll bouda is almost dead.
You block the gnoll bouda's attack.
The gnoll bouda hits you but does no damage.
You closely miss the gnoll bouda.
The gnoll bouda is almost dead.
The gnoll bouda mumbles some strange prayers to its god.
The gnoll bouda is healed somewhat.
You sock the gnoll bouda!
You kill the gnoll bouda!
The adder bites you but does no damage.
There is an open door here.
You sock the adder!
The adder is almost dead.
The adder bites you but does no damage. x2
You closely miss the adder.
The adder is almost dead.
The adder bites you but does no damage.
You hit the adder.
You kill the adder!
You hit the orc.
The orc is lightly wounded.
The orc barely misses you.
You hit the orc.
The orc is severely wounded.
The orc hits you with a +0 club.
* * * LOW HITPOINT WARNING * * *
You closely miss the orc.
The orc is severely wounded.
Your attacks no longer feel as feeble.
The orc hits you with a +0 club.
You die...

########.#.###....# ###
#............#....# #..
#.................# #..
#.................# #..
#.............>...# #..
#.....##.#'##..)..#############
######<#.#.###o#...............
#######.#.#.#
#o##.#############
#.......#.#.###@##.#
#.#######.#......#.# #.#
#.####...#.# #.# #.# #)..#.#
#.# #.# #...#.# #######
#.#######.# ##..#.# #.....#
#.........# ##..#.# #.....####
##############.....# #.........
#....#.....####.###...##


You could see 2 orcs.

Vanquished Creatures
  A gnoll bouda (D:3)
  An orc priest (D:3)
  A gnoll (D:3)
  6 adders
  A dart slug (D:1)
  3 ribbon worms (D:2)
  An orc (D:3)
  6 bats
  5 endoplasms
  A giant cockroach (D:1)
  4 goblins
  6 hobgoblins
  4 quokkas
  6 ball pythons
  2 frilled lizards
  4 kobolds
  10 rats
62 creatures vanquished.

Notes
Turn   | Place    | Note
-------+----------+-------------------------------------------
     0 | D:1      | AdnanSaban the Gargoyle Fighter began the quest for the
                  | Orb.
     0 | D:1      | Reached XP level 1. HP: 14/14 MP: 1/1
   113 | D:1      | Reached XP level 2. HP: 19/19 MP: 2/2
   682 | D:1      | Reached XP level 3. HP: 24/24 MP: 3/3
   956 | D:2      | Found a faded altar of an unknown god.
  1037 | D:2      | Reached XP level 4. HP: 24/29 MP: 4/4
  2063 | D:3      | Found a radiant altar of Vehumet.
  2484 | D:3      | Reached XP level 5. HP: 16/33 MP: 5/5
  2491 | D:3      | HP: 1/33 [gnoll/+0 whip[a gnoll bouda] (7)]
  2650 | D:3      | Slain by an orc

Illustrated notes

Levels and vault maps discovered:
D:1:      dpeg_arrival_three_same_balls, layout_loops_ring, serial_forest,
          infiniplex_forest_straight_5, infiniplex_forest_clump_tiny,
          infiniplex_forest_lined_4_way, infiniplex_forest_lined_3_way,
          infiniplex_forest_corner_2, infiniplex_forest_side_room
D:2:      layout_basic, ebering_ecumenical_altar_abandoned,
          kennysheep_generic_room_12
D:3:      layout_basic, mainiacjoe_overflow_concentric_impassable, minivault_14
D:4:      layout_rooms, nicolae_overflow_hidden_temple, temple_fountains,
          uniq_pikel

Skill      XL: |  1  2  3  4 |
---------------+-------------+-----
Maces & Flails | 3 |  3.8
Fighting       | 4 |  4.2
Armour         | 4 |  4.1
Dodging        | |  0.7
Shields        | |  3.9

Action                     |  1- 3 |  4- 6 || total
---------------------------+-------+-------++-------
  Melee: Flail             |    94 |   139 ||   233
 Armour: Scale mail        |    85 |   129 ||   214
  Dodge: Dodged            |    58 |    92 ||   150
  Block: Buckler           |    31 |    40 ||    71
